 Dungeon Crawl Stone Soup version 0.20.0-6-gd3061e9 (webtiles) character file.

138 anfisbena the Skirmisher (level 5, -3/50 HPs)
             Began as a Hill Orc Fighter on May 28, 2017.
             Killed by divine providence
             ... invoked by an orc priest
              (15 damage)
             ... on level 3 of the Dungeon.
             The game lasted 00:01:53 (1756 turns).

anfisbena the Skirmisher (Hill Orc Fighter)         Turns: 1756, Time: 00:01:54

Health: -3/50      AC: 10    Str: 19    XL:     5   Next: 21%
Magic:  5/5        EV:  6    Int:  8    God:
Gold:   99         SH:  9    Dex: 11    Spells: 4/4 levels left

rFire    + + .     SeeInvis .   a - +0 war axe
rCold    x . .     Gourm    .   c - +0 shield
rNeg     . . .     Faith    .   i - +0 fire dragon scales
rPois    .         Spirit   .   (no helmet)
rElec    .         Reflect  .   (no cloak)
rCorr    +         Harm     .   (no gloves)
MR       .....                  r - +0 pair of boots
Stlth    ..........             (no amulet)
Regen    0.2/turn               o - ring of resist corrosion
MPRegen  0.1/turn               (no ring)

@: no status effects
A: no striking features
a: Convert to Beogh


You were on level 3 of the Dungeon.
You were not hungry.

You visited 1 branch of the dungeon, and saw 3 of its levels.

You collected 99 gold pieces.

Inventory:

Hand Weapons
 a - a +0 war axe (weapon)
Armour
 c - a +0 shield (worn)
 i - +0 fire dragon scales (worn)
 r - a +0 pair of boots (worn)
Jewellery
 o - a ring of resist corrosion (left hand)
 w - a cursed ring of loudness {unknown}
Scrolls
 e - 2 scrolls of amnesia {unknown}
 h - a scroll of fear {unknown}
 k - 2 scrolls of magic mapping {unknown}
 l - a scroll of teleportation {unknown}
 m - 2 scrolls of remove curse {unknown}
 q - 4 scrolls of identify {unknown}
 t - a scroll of immolation {unknown}
Potions
 b - 3 potions of haste
 d - a potion of might
 j - a potion of flight {unknown}
 n - a potion of heal wounds {unknown}
 p - 2 potions of brilliance {unknown}
Books
 g - a book of Misfortune

   Spells                             Type                      Level
   a - Confusing Touch                Hexes                        1
   b - Confuse                        Hexes                        3
   c - Gell's Gravitas                Translocation                3
   d - Petrify                        Transmutation/Earth          4
   e - Metabolic Englaciation         Hexes/Ice                    5
   f - Yara's Violent Unravelling     Hexes/Transmutation          5
Comestibles
 f - 3 bread rations
 s - 4 fruits
 u - a royal jelly


   Skills:
 + Level 5.8 Fighting
 + Level 4.9 Axes
 - Level 3.2 Armour
 - Level 3.2 Shields


You had 4 spell levels left.
You didn't know any spells.

Dungeon Overview and Level Annotations

Branches:
Dungeon (3/15)

Altars:


Message History

* * * LOW HITPOINT WARNING * * *
The orc priest hits you but does no damage.
The orc wizard mumbles some strange words.
The orc wizard seems to speed up.
You closely miss the orc priest.
The orc priest is heavily wounded.
The orc priest shouts, "Surrender to Beogh and we'll let you live!"
You block the orc priest's attack.
The orc priest invokes the aid of Beogh against you.
Beogh smites you!
* * * LOW HITPOINT WARNING * * *
The orc priest hits you but does no damage.
The orc priest shouts, "Beogh is our master!
Accept the truth or die!"
You hit the orc priest but do no damage.
The orc priest is heavily wounded.
The orc wizard gestures wildly while chanting.
The orc wizard blinks!
You block the orc priest's attack.
The orc priest calls down the wrath of Beogh upon you.
Beogh smites you!
You die...

####### ##.## ####
#.....######...##
...#
#.........#.....#
##.#
#..##.###.##..[##
#.#
#..##.###.###.####
#.#
#..##.............
#.######
#..######.###.####
#...[..#
#.o[......###'##
######.#
#@##########...##
####.# #o#
##.....## ##.##.#
#o# ##.......#
###...#.######


#ob #......... ..รท............... +......... ##>.....######.#... #.........
#.#.#### #.#[ ##.......# #.### #.... ##.<...## #.# ##...## You could see 2 orc
priests, an orc wizard, an orc and a bat.

Vanquished Creatures
  Jessica (D:3)
  Terence (D:2)
  2 adders (D:2)
  3 worms
  2 dart slugs (D:1)
  3 leopard geckos
  2 orcs (D:3)
  A ball python (D:3)
  A giant cockroach (D:1)
  9 goblins
  8 hobgoblins
  9 kobolds
  2 quokkas
  3 bats
  2 rats
49 creatures vanquished.

Notes
Turn   | Place    | Note
-------+----------+-------------------------------------------
     0 | D:1      | anfisbena the Hill Orc Fighter began the quest for the Orb.
     0 | D:1      | Reached XP level 1. HP: 19/19 MP: 1/1
    23 | D:1      | Reached XP level 2. HP: 26/27 MP: 2/2
    24 | D:1      | Reached skill level 4 in Fighting
   327 | D:1      | You fall through a shaft!
   334 | D:2      | Reached XP level 3. HP: 34/34 MP: 3/3
   414 | D:2      | Noticed Terence
   431 | D:2      | Killed Terence
   431 | D:2      | Reached XP level 4. HP: 28/41 MP: 4/4
   728 | D:2      | Reached skill level 5 in Fighting
  1428 | D:3      | Noticed Jessica
  1434 | D:3      | Killed Jessica
  1434 | D:3      | Reached XP level 5. HP: 49/49 MP: 5/5
  1756 | D:3      | Killed from afar by an orc priest

Skill      XL: |  1  2  3  4 |
---------------+-------------+-----
Axes           | 3 4 |  4.9
Fighting       | 4 5 |  5.8
Armour         | |  3.2
Shields        | |  3.2

Action                   |  1- 3 |  4- 6 || total
-------------------------+-------+-------++-------
Melee: War axe           |    68 |   116 ||   184
  Eat: Chunk             |       |     3 ||     3
Armor: Scale mail        |    20 |       ||    20
       Fire dragon scale |    13 |    47 ||    60
Dodge: Dodged            |    23 |    20 ||    43
Block: Shield            |    35 |    48 ||    83
